AoeStats
← JIJINz

Arena

508730291Analyzed
4v4 RM · 9d ago on Sep 23, 2026· 49m 26s· 8 players
Game mode
Random Map
Map size
Large (8 player)
Population
200
Speed
Normal
Resources
Standard
Victory
Conquest
Starting age
Dark Age
Ending age
Imperial Age
RankedLock teamsTeams togetherTeam positionsShared explorationLock speedFull tech treeHidden civsTurbo modeCheats
Victory
Defeat
🇫🇷 Britons · France
1611
+12
🇨🇴 Malay · Colombia
1577
+14
🇳🇱 Persians · Netherlands
1484
+18
🇫🇷 Gurjaras · France
1458
+19
🇭🇰 Persians · Hong Kong SAR China
1576
-18
🇯🇵 Saxons · Japan
1533
-16
🇩🇪 Italians · Germany
1515
-15
🇨🇳 Slavs · China
1479
-14
JIJINz
2:39 Loom
10:14 Feudal Age
14:04 Castle Age
13:19 Double-Bit Axe
15:12 Bow Saw
15:34 Loom
22:46 Horse Collar
31:41 Imperial Age
30:18 Wheelbarrow
29:54 Scale Mail Armor
30:08 Gold Mining
30:08 Stone Mining
30:21 Heavy Plow
31:01 Chain Mail Armor
30:57 Forging
31:33 Gold Shaft Mining
33:03 Plate Mail Armor
32:01 Elite Hearth Troop
32:06 Capped Ram
33:45 Conscription
33:44 Hand Cart
34:31 Two-Man Saw
34:03 Crop Rotation
35:27 Squires
35:12 Arson
36:04 Iron Casting
35:49 Siege Ram
36:06 Shield Wall
36:07 Pikeman
36:52 Halberdier
37:55 Elite Varangian Guard
42:04 Coinage
41:47 Guilds
44:22 Ballistics
45:03 Chemistry
44:09 Siege Engineers
45:01 Banking
45:03 Guard Tower
44:58 Arrowslits
47:25 Arrowslits
47:31 Guard Tower
47:53 Fletching
Emnesty_x3
11:01 Feudal Age
14:56 Castle Age
13:07 Horse Collar
13:16 Double-Bit Axe
15:59 Heavy Plow
16:12 Bow Saw
20:14 Wheelbarrow
21:47 Gold Mining
29:50 Imperial Age
27:06 Loom
27:37 Hand Cart
27:55 Stone Mining
28:34 Fletching
30:08 Stone Shaft Mining
29:30 Bodkin Arrow
31:39 Chemistry
30:41 Bracer
30:36 Town Watch
31:13 Ballistics
32:47 Padded Archer Armor
34:09 Elite Skirmisher
37:57 Leather Archer Armor
38:45 Conscription
43:49 Ring Archer Armor
44:50 Crossbowman
45:35 Thumb Ring
45:58 Arbalester
mochichi4
10:08 Feudal Age
12:26 Loom
14:11 Double-Bit Axe
14:12 Horse Collar
16:33 Castle Age
16:49 Scale Barding Armor
16:56 Bloodlines
24:50 Wheelbarrow
25:30 Bow Saw
26:06 Heavy Plow
26:10 Gold Mining
29:06 Stone Mining
31:58 Imperial Age
29:53 Husbandry
30:05 Forging
31:42 Chain Barding Armor
31:58 Iron Casting
31:24 Town Watch
33:06 Gold Shaft Mining
32:04 Cavalier
33:40 Hand Cart
34:09 Plate Barding Armor
35:34 Blast Furnace
34:26 Savar
35:36 Conscription
41:04 Light Cavalry
41:51 Caravan
42:03 Guilds
42:23 Coinage
42:08 Hussar
45:14 Hand Cart
45:41 Stone Shaft Mining
48:19 Town Patrol
[Fx、]AirDk
10:29 Feudal Age
14:03 Castle Age
12:24 Double-Bit Axe
12:20 Horse Collar
18:57 Loom
31:16 Wheelbarrow
31:48 Bow Saw
34:45 Coinage
35:21 Forging
35:11 Scale Mail Armor
38:31 Imperial Age
36:20 Squires
37:22 Chain Mail Armor
36:42 Pikeman
39:42 Plate Mail Armor
38:38 Halberdier
40:42 Plate Mail Armor
40:45 Conscription
43:18 Two-Man Saw
43:06 Banking
43:25 Gold Mining
43:44 Heavy Plow
45:00 Iron Casting
44:35 Caravan
45:08 Hand Cart
44:39 Town Watch
46:13 Crop Rotation
45:35 Stone Mining
45:33 Man-at-Arms
47:48 Blast Furnace
46:21 Long Swordsman
47:30 Two-Handed Swordsman
48:08 Fletching
The .Gocho
10:44 Feudal Age
11:45 Loom
15:23 Castle Age
13:42 Double-Bit Axe
14:28 Fletching
17:48 Town Watch
23:01 Bow Saw
22:37 Horse Collar
23:22 Crossbowman
24:34 Gold Mining
25:55 Wheelbarrow
28:48 Hand Cart
28:30 Bodkin Arrow
28:36 Heavy Plow
29:14 Gold Shaft Mining
28:29 Stone Mining
29:28 Ballistics
31:49 Imperial Age
29:23 Padded Archer Armor
29:43 Thumb Ring
30:24 Leather Archer Armor
30:42 Arbalester
32:39 Chemistry
31:43 Bracer
33:04 Ring Archer Armor
32:44 Masonry
34:35 Elite Skirmisher
36:06 Forging
36:03 Siege Engineers
35:50 Guard Tower
36:37 Stone Shaft Mining
36:56 Conscription
38:26 Forced Levy
39:04 Iron Casting
41:38 Pikeman
41:39 Man-at-Arms
42:19 Squires
42:05 Arson
42:08 Halberdier
42:19 Long Swordsman
43:08 Treadmill Crane
42:56 Two-Handed Swordsman
45:30 Blast Furnace
47:38 Keep
47:24 Bombard Tower
47:00 Murder Holes
tony le gros rou
9:11 Feudal Age
9:49 Loom
13:57 Castle Age
12:16 Double-Bit Axe
27:02 Horse Collar
28:16 Bow Saw
32:53 Scale Barding Armor
32:59 Forging
38:12 Imperial Age
36:51 Bloodlines
36:41 Husbandry
37:03 Chain Barding Armor
37:19 Iron Casting
38:15 Heavy Camel Rider
39:38 Plate Barding Armor
41:47 Wheelbarrow
42:13 Gold Mining
43:08 Kshatriyas
43:29 Light Cavalry
45:28 Gold Shaft Mining
47:31 Hussar
ccereal
8:19 Feudal Age
7:15 Loom
9:27 Double-Bit Axe
14:24 Fletching
14:35 Padded Archer Armor
20:37 Castle Age
20:40 Crossbowman
21:20 Bodkin Arrow
21:36 Bow Saw
23:04 Horse Collar
24:08 Wheelbarrow
27:40 Hand Cart
31:09 Leather Archer Armor
34:28 Imperial Age
32:02 Gold Mining
32:31 Heavy Plow
32:21 Stone Mining
32:52 Herbal Medicine
33:12 Masonry
33:17 Fortified Wall
34:27 Gold Shaft Mining
35:22 Murder Holes
35:53 Bracer
38:32 Arbalester
39:42 Ring Archer Armor
40:16 Chemistry
39:36 Ballistics
39:47 Architecture
40:10 Hoardings
39:56 Conscription
40:45 Warwolf
bommietommie
10:15 Feudal Age
13:57 Castle Age
13:01 Double-Bit Axe
13:55 Horse Collar
20:04 Bow Saw
22:58 Wheelbarrow
23:02 Heavy Plow
24:44 Hand Cart
24:47 Fervor
24:52 Town Watch
24:54 Loom
25:13 Gold Mining
26:28 Town Patrol
29:47 Imperial Age
28:02 Gold Shaft Mining
27:18 Stone Mining
28:04 Scale Barding Armor
29:19 Chain Barding Armor
29:10 Forging
29:22 Husbandry
29:32 Bloodlines
30:48 Plate Barding Armor
29:36 Cavalier
30:39 Conscription
32:06 Iron Casting
31:02 Savar
33:23 Stone Shaft Mining
36:10 Citadels
35:52 Fletching
37:02 Blast Furnace
35:55 Fletching
36:27 Ballistics
37:08 Chemistry
36:19 Masonry
37:02 Coinage
38:16 Banking
38:42 Devotion
40:18 Crop Rotation
40:50 Two-Man Saw
41:29 Bodkin Arrow
42:06 Architecture
42:25 Pikeman
43:13 Murder Holes
43:06 Light Cavalry
44:06 Squires
44:42 Halberdier
46:21 Scale Mail Armor
46:33 Caravan
46:07 Hussar
47:40 Chain Mail Armor
49:46 Plate Mail Armor
Connection lost

Rejoining the realm…

Still unreachable

The connection could not be restored.

Session expired

The server has moved on; the page needs a fresh start.